 Dungeon Crawl Stone Soup version 0.31-a0-188-g5e087ee2ca (webtiles) character file.

Game seed: 9073280812804572279

296 qw the Skirmisher (level 6, 0/35 HPs)
             Began as a Deep Elf Hunter on June 23, 2023.
             Slain by an orc wizard
             ... wielding a +1 dagger of holy wrath
              (2 damage)
             ... on level 3 of the Dungeon.
             The game lasted 00:00:54 (1688 turns).

qw the Skirmisher (Deep Elf Hunter)                 Turns: 1688, Time: 00:00:55

Health: 0/35       AC:  5    Str: 14      XL:     6   Next: 12%
Magic:  8/8        EV: 11    Int: 12 (13) God:
Gold:   103        SH:  0    Dex: 17      Spells: 5/5 levels left

rFire   . . .        Y - +1 shortbow
rCold   . . .        (shield currently unavailable)
rNeg    . . .        e - +0 ring mail
rPois   .            (no helmet)
rElec   .            (no cloak)
rCorr   .            (no gloves)
SInv    .            (no boots)
Will    .....        (no amulet)
Stlth   +            (no ring)
HPRegen 0.25/turn    (no ring)
MPRegen 0.11/turn

%: no passive effects
@: no status effects
A: deterioration 1, strong 1
a: no special abilities


You were on level 3 of the Dungeon.
You visited 1 branch of the dungeon, and saw 3 of its levels.

You collected 103 gold pieces.


Innate Abilities, Weirdness & Mutations

Your body sometimes deteriorates upon taking damage.
Your muscles are strong. (Str +4, Int/Dex -1)


   Skills:
 - Level 2.1 Fighting
 + Level 9.2 Ranged Weapons
 - Level 3.1 Dodging
 - Level 1.2 Stealth


You had 5 spell levels left.
You didn't know any spells.
Your spell library was empty.

Inventory:

Hand Weapons
 Y - a +1 shortbow (weapon)
Armour
 e - a +0 ring mail (worn)
Scrolls
 a - 3 scrolls of identify
Potions
 b - a potion of ambrosia {unknown}
 c - 2 potions of cancellation {unknown}
 d - a potion of curing
 f - 2 potions of resistance
 g - a potion of magic {unknown}
 h - a potion of degeneration {unknown}
 i - a potion of might {unknown}
 j - a potion of mutation
 k - a potion of haste {unknown}

Dungeon Overview and Level Annotations

Branches:
Dungeon (3/15)

Altars:
Kikubaaqudgha

Shops:
D:1 [![


Message History

You shoot an arrow.
The arrow closely misses the orc wizard.
The orc wizard hits you with a +0 dagger.
The orc hits you with a +1 hand axe of freezing.
The orc freezes you.
You shoot an arrow. The arrow hits the orc wizard.
You kill the orc wizard!
You hear a shout!
An orc comes into view. It is wielding a +0 short sword.
The orc barely misses you.
You hear a shout!
You shoot an arrow. The arrow closely misses the orc.
The orc closely misses you.
An orc wizard comes into view.
It is wielding a +1 dagger of holy wrath.
You shoot an arrow. The arrow hits the orc!
You kill the orc!
You shoot an arrow.
The arrow closely misses the orc wizard.
You shoot an arrow. The arrow hits the orc wizard!
The orc wizard is heavily wounded.
You shoot an arrow. The arrow hits the orc wizard.
The orc wizard is severely wounded.
You shoot an arrow. The arrow misses the orc wizard.
The arrow hits the orc.
The orc is almost dead.
The orc wizard hits you with a +1 dagger of holy wrath.
You shoot an arrow. The arrow hits the orc wizard.
The orc wizard is almost dead.
The orc wizard casts a spell.
The orc wizard flickers and vanishes!
Deactivating autopickup; reactivate with Ctrl-A.
You shoot an arrow. The arrow hits the orc!
You kill the orc!
You hear some strange, mumbled words.
A puff of flame appears from out of thin air!
The puff of flame hits you!
You shoot an arrow. Something hits you.
You shoot an arrow. Something hits you.
You die...

#### .# #........# .# #........#
.# #........# ##### #........#
....# #........# ....#
#........# ....# ####%.......#
####### ....####........@).#
#.....# .....##..........{.#
#.###.##.#
.....#..#.......##)####........#
.#.....###...%..##......##.##..#
##....## ##.....+...)...##.# ..
#...## ##....#....)...... #..##
##...#.....)..#.## #...##
##....#........#... +...)#+
+#.....#.#........###


There were no monsters in sight!

Vanquished Creatures
  A hound (D:2)
  Jessica (D:3)
  2 orc wizards (D:3)
  Terence (D:3)
  7 gnolls (D:2)
  3 adders (D:2)
  2 dart slugs
  4 orcs (D:3)
  6 bats
  7 endoplasms
  3 giant cockroaches
  7 goblins
  4 hobgoblins
  4 jackals (D:2)
  7 ball pythons
  3 frilled lizards
  5 kobolds
  5 rats
72 creatures vanquished.

Notes
Turn   | Place    | Note
-------+----------+-------------------------------------------
     0 | D:1      | qw the Deep Elf Hunter began the quest for the Orb.
     0 | D:1      | Reached XP level 1. HP: 12/12 MP: 3/3
     0 | D:1      | 0 ||| qw: Version: 0.3-a-9-g12657ce
     0 | D:1      | 0 ||| qw: Game counter: 3373
     0 | D:1      | 0 ||| qw: Always use a shield: true
     0 | D:1      | 0 ||| qw: God list: Okawaru
     0 | D:1      | 0 ||| qw: Allow faded altars: false
     0 | D:1      | 0 ||| qw: Do Orc after D:15 true
     0 | D:1      | 0 ||| qw: Do second Lair branch before Depths: true
     0 | D:1      | 0 ||| qw: Lair rune preference: random
     0 | D:1      | 0 ||| qw: Plans: Normal
     0 | D:1      | 0 ||| PLANNING D:1-11
   221 | D:1      | Reached skill level 6 in Ranged Weapons
   221 | D:1      | Reached XP level 2. HP: 12/16 MP: 4/4
   359 | D:1      | Found Zuykhub's Antique Armour Shoppe.
   367 | D:1      | 367 ||| SHOPLISTING cloak (103 gold, have 25).
   367 | D:1      | 367 ||| SHOPLISTING glowing cloak (172 gold, have 25).
   439 | D:1      | Found Intyllao's Armour Boutique.
   451 | D:1      | 451 ||| SHOPLISTING +0 pair of gloves (49 gold, have 25).
   451 | D:1      | 451 ||| SHOPLISTING +2 ring mail of positive energy (198
                  | gold, have 25).
   451 | D:1      | 451 ||| SHOPLISTING +2 robe of fire resistance (194 gold,
                  | have 25).
   451 | D:1      | 451 ||| SHOPLISTING +2 scale mail of Privacy {rC+} (308
                  | gold, have 25).
   451 | D:1      | 451 ||| SHOPLISTING +3 ring mail of positive energy (253
                  | gold, have 25).
   712 | D:1      | Found Zodurch's Distillery.
   722 | D:1      | 722 ||| SHOPLISTING potion of curing (33 gold, have 31).
   722 | D:1      | 722 ||| SHOPLISTING potion of haste (110 gold, have 31).
   722 | D:1      | 722 ||| SHOPLISTING potion of mutation (88 gold, have 31).
   723 | D:1      | 723 ||| UPGRADING to +0 ring mail.
   733 | D:1      | 733 ||| DROPPING +0 leather armour.
   734 | D:1      | 734 ||| READING scroll labelled ACVYENK SUSUI.
   735 | D:1      | 735 ||| DRINKING 2 sedimented purple potions.
   736 | D:1      | 736 ||| DRINKING 3 puce potions.
   737 | D:1      | 737 ||| DROPPING scroll of butterflies.
   738 | D:1      | 738 ||| DROPPING 2 potions of attraction.
   777 | D:2      | Reached XP level 3. HP: 20/20 MP: 5/5
   842 | D:2      | Reached skill level 7 in Ranged Weapons
   955 | D:2      | Reached XP level 4. HP: 22/25 MP: 6/6
  1007 | D:2      | Reached skill level 8 in Ranged Weapons
  1199 | D:2      | Reached XP level 5. HP: 17/29 MP: 7/7
  1285 | D:2      | 1285 ||| Stepping ~*~*~tactically~*~*~ (outnumbered).
  1286 | D:2      | 1286 ||| FLEEEEING.
  1389 | D:2      | 1389 ||| DROPPING +6 ring of intelligence.
  1390 | D:2      | 1390 ||| READING 2 scrolls labelled DAAMIO SUPPI.
  1391 | D:2      | 1391 ||| READING scroll labelled DEL ZIJIHOT.
  1492 | D:2      | 1492 ||| READING scroll labelled IPNEIC FOYL.
  1493 | D:2      | 1493 ||| DRINKING 2 fizzy silvery potions.
  1494 | D:2      | 1494 ||| DRINKING 2 metallic silvery potions.
  1494 | D:2      | Gained mutation: Your muscles are strong. (Str +4, Int/Dex
                  | -1) [potion of mutation]
  1494 | D:2      | Gained mutation: Your body sometimes deteriorates upon
                  | taking damage. [potion of mutation]
  1538 | D:3      | Found an ancient bone altar of Kikubaaqudgha.
  1542 | D:3      | Noticed Terence
  1546 | D:3      | Killed Terence
  1547 | D:3      | Reached skill level 9 in Ranged Weapons
  1604 | D:3      | Noticed Jessica
  1606 | D:3      | Killed Jessica
  1633 | D:3      | Reached skill level 3 in Dodging
  1633 | D:3      | Reached XP level 6. HP: 35/35 MP: 8/8
  1646 | D:3      | 1646 ||| FLEEEEING.
  1673 | D:3      | 1673 ||| DRINKING 2 potions of curing.
  1673 | D:3      | 1673 ||| (to cure confusion)
  1675 | D:3      | Paralysed by an orc for 2 turns
  1686 | D:3      | HP: 4/35 [something/puff of flame (8)]
  1688 | D:3      | Slain by an orc wizard

Levels and vault maps discovered:
D:1:      psy_arrival_statuary, layout_loops_ring, serial_shops, shop_fountains,
          shop, nicolae_shop_dealshenge
D:2:      wander_river, layout_rooms, amcnicky_mini_rare_corridor_liquid,
          chequers_avenue
D:3:      layout_basic, mainiacjoe_overflow_24_doors, lemuel_crystal_altar,
          nemelex_diamond_rough_becter, lemuel_flame_loot_1, uniq_terence,
          uniq_grinder, uniq_jessica

Skill      XL: |  1  2  3  4  5 |
---------------+----------------+-----
Ranged Weapons | 6 7 8 9 |  9.2
Fighting       | 2 |  2.1
Dodging        | 3 |  3.1
Stealth        | |  1.2

Action                     |  1- 3 |  4- 6 || total
---------------------------+-------+-------++-------
   Fire: Shortbow          |   111 |   109 ||   220
    Use: Potion            |     2 |     3 ||     5
         Scroll            |     1 |     3 ||     4
 Armour: Leather armour    |     1 |       ||     1
         Ring mail         |    15 |    16 ||    31
  Dodge: Dodged            |    35 |    24 ||    59

Table legend:
 A = Non-vault XP
 B = Vault XP
 C = Vault XP percentage of total XP
 D = Non-vault monster count
 E = Vault monster count
 F = Vault count percentage of total count
                 A         B        C        D         E       F
            +---------+---------+-------+---------+---------+-------
      Total |     354 |      69 |  16.3 |      70 |       2 |   2.8
            +---------+---------+-------+---------+---------+-------
        D:1 |      38 |       0 |   0.0 |      22 |       0 |   0.0
        D:2 |     218 |       0 |   0.0 |      34 |       0 |   0.0
        D:3 |      98 |      69 |  41.3 |      14 |       2 |  12.5
            +---------+---------+-------+---------+---------+-------
